 Dungeon Crawl Stone Soup version 0.27-a0-1559-g299f9947c5 (webtiles) character file.

Game seed: 16465718689790035907

67 MirrMurr the Poker (level 3, 0/28 HPs)
             Began as a Demonspawn Gladiator on July 16, 2021.
             Slain by Crazy Yiuf (14 damage)
             ... on level 2 of the Dungeon.
             The game lasted 00:02:45 (2243 turns).

MirrMurr the Poker (Demonspawn Gladiator)           Turns: 2243, Time: 00:02:46

Health: 0/28       AC:  9    Str: 15    XL:     3   Next: 98%
Magic:  3/3        EV:  9    Int:  9    God:
Gold:   125        SH:  0    Dex: 14    Spells: 2/2 levels left

rFire    . . .     SeeInvis .   a - +0 trident
rCold    . . .     Faith    .   (no shield)
rNeg     . . .     Spirit   .   l - +0 chain mail
rPois    .         Reflect  .   c - +0 helmet
rElec    .         Harm     .   (no cloak)
rCorr    .         Rampage  .   (no gloves)
Will     .....                  (no boots)
Stlth    ..........             (no amulet)
HPRegen  0.09/turn              (no ring)
MPRegen  0.08/turn              (no ring)

@: lethally poisoned (0 -> -14)
A: sturdy frame 2
a: no special abilities


You were on level 2 of the Dungeon.
You visited 1 branch of the dungeon, and saw 2 of its levels.

You collected 125 gold pieces.

Inventory:

Hand Weapons
 a - a +0 trident (weapon)
Missiles
 d - 4 throwing nets
 e - 80 stones (quivered)
 i - 6 poisoned darts
 k - 2 atropa-tipped darts
Armour
 c - a +0 helmet (worn)
 l - a +0 chain mail (worn)
Jewellery
 j - a ring of protection from fire
Scrolls
 b - a scroll of immolation {unknown}
 g - a scroll of teleportation {unknown}
 m - a scroll of identify {unknown}
Potions
 f - a potion of brilliance {unknown}
 h - 2 potions of curing


   Skills:
 + Level 2.4 Fighting
 * Level 3.3 Polearms
 + Level 2.2 Throwing
 + Level 1.2 Armour
 + Level 3.0 Dodging


You had 2 spell levels left.
You didn't know any spells.
Your spell library contained the following spells:

 Spells                   Type           Power      Damage    Failure   Level
 Shock                    Conj/Air       0%         1d3       91%         1
 Slow                     Hex            0%         N/A       97%         2
 Confusing Touch          Hex            0%         N/A       100%        3
 Swiftness                Air            0%         N/A       100%        3
 Vampiric Draining        Necr           0%         2d6       100%        3
 Airstrike                Air            0%         N/A       100%        4


Dungeon Overview and Level Annotations

Branches:
Dungeon (2/15)

Altars:

Annotations:
D:2 Crazy Yiuf, Sigmund


Innate Abilities, Weirdness & Mutations

Your movements are less encumbered by armour. (ER -4)


Message History

The fungus is lightly damaged.
A nearby fungus withers and dies.
You puncture the fungus!
The fungus begins to die.
The fungus is lightly damaged.
You hit the fungus.
The fungus is lightly damaged.
You puncture the fungus!
The fungus is lightly damaged.
A nearby fungus withers and dies.
You see here a +0 mace.
Unknown command.
Found seven maces.
Found a runed translucent door.
You see here a +0 mace.
Found a mace.
Crazy Yiuf shouts!
You see here a +0 mace.
You see here a +0 mace.
Found three maces.
You see here a +0 mace.
You open the door. You hit Crazy Yiuf but do no damage.
Crazy Yiuf hits you with a +4 quarterstaff of chaos.
Your chain mail prevents you from hitting Crazy Yiuf.
Crazy Yiuf barely misses you.
You hit Crazy Yiuf.
Crazy Yiuf is moderately wounded.
Crazy Yiuf barely misses you.
You completely miss Crazy Yiuf.
Crazy Yiuf is moderately wounded.
Crazy Yiuf hits you with a +4 quarterstaff of chaos.
You are poisoned.
Crazy Yiuf hits you but does no damage.
You are lethally poisoned!
You closely miss Crazy Yiuf.
Crazy Yiuf is moderately wounded.
You feel very sick.
Crazy Yiuf laughs, "Snower disdain ena!"
Crazy Yiuf hits you with a +4 quarterstaff of chaos!
Ouch! That really hurt!
You die...

#.....................
###########.#.##.###.#
#.#.##.# #.. #####
#......# ### #).)#
#......# #)))#
#......# ))) #......#
#g# #......# ♣♣@♣
#......# ♣)♣♣ #......#
♣♣)♣ #......# ♣)♣♣
#......# ♣♣)♣♣
#.###### ♣).P♣♣ #.#
♣P.♣P♣ #.# #####
##..## #.# #....
#....####.# #....


You could see Crazy Yiuf.

Vanquished Creatures
  2 adders (D:2)
  A dart slug (D:1)
  2 ball pythons (D:1)
  3 endoplasms (D:2)
  5 giant cockroaches
  3 goblins
  5 hobgoblins
  5 jackals
  2 quokkas
  4 bats (D:1)
  4 frilled lizards
  2 kobolds (D:1)
  3 rats
41 creatures vanquished.

Vanquished Creatures (others)
  2 fungi (D:2)
2 creatures vanquished.

Grand Total: 43 creatures vanquished

Notes
Turn   | Place    | Note
-------+----------+-------------------------------------------
     0 | D:1      | MirrMurr the Demonspawn Gladiator began the quest for the
                  | Orb.
     0 | D:1      | Reached XP level 1. HP: 16/16 MP: 1/1
   294 | D:1      | Gained mutation: Your movements are slightly less
                  | encumbered by armour. (ER -2) [demonic ancestry]
   294 | D:1      | Reached XP level 2. HP: 5/22 MP: 2/2
  1006 | D:1      | Gained mutation: Your movements are less encumbered by
                  | armour. (ER -4) [demonic ancestry]
  1006 | D:1      | Reached XP level 3. HP: 27/27 MP: 3/3
  1280 | D:2      | Reached skill level 1 in Armour
  1832 | D:2      | Noticed Sigmund
  2234 | D:2      | Found a runed translucent door.
  2235 | D:2      | Noticed Crazy Yiuf
  2243 | D:2      | Slain by Crazy Yiuf

Illustrated notes

Levels and vault maps discovered:
D:1:      dpeg_arrival_boxes_within_box, layout_rooms
D:2:      layout_basic, uniq_sigmund, uniq_crazy_yiuf_cottage

Skill      XL: |  1  2  3 |
---------------+----------+-----
Throwing       | 2 |  2.2
Polearms       | 3 |  3.3
Armour         | 1 |  1.2
Dodging        | 3 |  3.0
Fighting       | |  2.4

Action                   || total
-------------------------++-------
Melee: Trident           ||   177
  Use: Potion            ||     1
 Stab: Sleeping          ||     3
Armor: Leather armour    ||    36
       Chain mail        ||     7
Dodge: Dodged            ||   128

Table legend: (Time is in decaauts)
 A = Elapsed time spent in this place.
 B = Non-inter-level travel time spent in this place.
 C = Inter-level travel time spent in this place.
 D = Time resting spent in this place.
 E = Time spent auto-exploring this place.
 F = Levels seen in this place.
 G = Mean time per level.
                   A        B        C        D        E       F      G
               +--------+--------+--------+--------+--------+-----+--------+
         Total |   2270 |   2233 |     37 |      8 |   1796 |   2 | 1135.0 |
       Dungeon |   2270 |   2233 |     37 |      8 |   1796 |   2 | 1135.0 |
               +--------+--------+--------+--------+--------+-----+--------+

Top non-repeatable levels by time:
     D:1: 1293 daAuts
     D:2: 976 daAuts
